 Dungeon Crawl Stone Soup version 0.8.0-a0-5767-g9adec8a character file.

1510627 hyperelliptic the Slayer (level 27, 237/237 HPs)
             Began as a Merfolk Arcane Marksman on Mar 16, 2011.
             Was the Champion of Okawaru.
             Escaped with the Orb
             ... and 3 runes (of 3 types) on Mar 17, 2011!
             The game lasted 06:53:56 (81230 turns).

hyperelliptic the Slayer (Merfolk Arcane Marksman) Turns: 81230, Time: 06:53:56

HP 237/237       AC 17     Str 13 Exp: 27/1096995 (14172)
MP  35/41        EV 23     Int 21      God: Okawaru [******]
Gold 3098        SH 32     Dex 14      Spells:  8 memorised, 24 levels left

Res.Fire  : + . .   See Invis. : +   a - +7,+6 demon trident (freeze)
Res.Cold  : + + +   Warding    : . . T - +6 faerie dragon armour {rC+ rN+}
Life Prot.: + + +   Conserve   : .   G - +3 dwarf shield {rN+}
Res.Acid. : . . .   Res.Corr.  : .   n - +2 hat of the Alchemist {rElec rF+ rC+ MR}
Res.Poison: .       Clarity    : .   h - +3 cloak "Sogaewk" {rC+ SInv}
Res.Elec. : +       Spirit.Shd : .   i - +0 pair of gloves "Upagaiso" {rC+ Acc+4 Da
Sust.Abil.: . .     Stasis     : .   L - +0 pair of boots of Sunlight {rC+ rN+}
Res.Mut.  : +       Ctrl.Telep.: .   t - amulet of resist mutation
Res.Rott. : .       Levitation : +   o - +1,+3 ring of slaying {mikee}
Saprovore : . . .   Ctrl.Flight: +   d - +0,+7 ring of slaying {mikee}

@: flying, very slightly glowing, hasted, very quick, very resistant to hostile
enchantments, stealthy
A: change form in water, deformed body 1, fast metabolism 2, slow healing 1, Dex
-2
a: Heroism, Finesse, Renounce Religion


You escaped.
You worshipped Okawaru.
Okawaru was exalted by your worship.
You were not hungry.

You visited 9 branches of the dungeon, and saw 68 of its levels.
You visited 1 Labyrinth.
You visited 2 bazaars.
You visited 1 portal chamber: ice cave.

You collected 7168 gold pieces.
You spent 4120 gold pieces at shops.

Inventory:

Hand weapons
 a - a +7,+6 demon trident of freezing (weapon)
 b - a +0 blowgun
 C - a +0,+0 knife
 S - the +0,+0 trident "Pnoil" {flame, -TELE +Rage rF+ rC+ rN+ MR Int+4}
   (You took it off a yaktaur captain on level 8 of the Vaults)

   It emits flame when wielded, causing extra injury to most foes and up to
   double damage against particularly susceptible opponents.
   Big, fiery blades are also staple armaments of hydra-hunters.
   It affects your intelligence (+4).
   It protects you from fire.
   It protects you from cold.
   It protects you from negative energy.
   It increases your resistance to enchantments.
   It lets you go berserk.
   It prevents most forms of teleportation.
Missiles
 p - 9 curare-tipped +0 needles
 q - 5 curare-tipped +2 needles
Armour
 h - the +3 cloak "Sogaewk" (worn) {rC+ SInv}
   (You bought it in a shop on level 4 of the Orcish Mines)

   It protects you from cold.
   It enhances your eyesight.
 i - the +0 pair of gloves "Upagaiso" (worn) {rC+ Acc+4 Dam+2}
   (You found it on level 15 of the Dungeon)

   It affects your accuracy (+4).
   It affects your damage-dealing abilities (+2).
   It protects you from cold.
 n - the +2 hat of the Alchemist (worn) {rElec rF+ rC+ MR}
   (You bought it in a shop on level 4 of the Orcish Mines)

   It protects you from fire.
   It protects you from cold.
   It insulates you from electricity.
   It increases your resistance to enchantments.
 G - a +3 dwarven shield of positive energy (worn)
 L - the +0 pair of boots of Sunlight (worn) {rC+ rN+}
   (You found it on level 5 of the Vaults)

   It protects you from cold.
   It protects you from negative energy.
 T - the +6 faerie dragon armour (worn) {rC+ rN+}
   (You took it off the Enchantress on level 26 of the Dungeon)

   It protects you from cold.
   It protects you from negative energy.
Magical devices
 f - a wand of teleportation (10)
 l - a wand of disintegration (11)
 u - a wand of teleportation (7)
 A - a wand of digging (16)
 I - a wand of hasting (6)
Comestibles
 g - 6 meat rations
Scrolls
 c - 5 scrolls of blinking
 j - 2 scrolls of fog
 P - a scroll of identify
 R - a scroll of recharging
Jewellery
 d - a +0,+7 ring of slaying (left hand) {mikee}
 m - an uncursed amulet of stasis
 o - a +1,+3 ring of slaying (right hand) {mikee}
 t - an amulet of resist mutation (around neck)
 v - an uncursed amulet of conservation
 D - an uncursed ring of wizardry
 E - an uncursed ring of poison resistance
 K - the ring of the Turtle {*TELE Dam+3}
   (You found it on level 2 of the Crypt)

   [ring of teleportation]

   It affects your damage-dealing abilities (+3).
 M - an uncursed amulet of clarity
 N - the ring of Shrinkeet {+Rage +Lev rF+ Str+1}
   (You found it on level 4 of the Shoals)

   [ring of protection from fire]

   It affects your strength (+1).
   It lets you levitate.
   It lets you go berserk.
Potions
 e - 3 potions of might
 k - 8 potions of heal wounds
 r - 3 potions of porridge
 s - a potion of magic
 z - 2 potions of resistance
 B - 7 potions of healing
 O - 2 potions of agility
Magical staves
 w - a staff of wizardry
 x - a +8 rod of demonology (14/14)
   (You found it on level 20 of the Dungeon)
Orbs of Power
 y - the Orb of Zot
Miscellaneous
 F - a silver rune of Zot
 H - a barnacled rune of Zot
 J - a decaying rune of Zot You had 14172 experience left.


   Skills:
 + Level 21 Fighting
 - Level 1 Short Blades
 + Level 19 Polearms
 - Level 2 Bows
 + Level 3 Armour
 + Level 18 Dodging
 - Level 4 Stealth
 - Level 5 Stabbing
 + Level 18 Shields
 + Level 4 Traps & Doors
 - Level 4 Unarmed Combat
 - Level 13 Spellcasting
 - Level 4 Conjurations
 - Level 5 Hexes
 - Level 12 Charms
 - Level 5 Necromancy
 - Level 2 Ice Magic
 - Level 5 Air Magic
 - Level 6 Poison Magic
 + Level 6 Invocations
 + Level 4 Evocations


You had 24 spell levels left.
You knew the following spells:

 Your Spells              Type           Power        Success   Level  Hunger
c - Regeneration          Chrm/Necr      ######....   Excellent   3    None
f - Flight                Air/Chrm       ######....   Excellent   4    None
r - Repel Missiles        Air/Chrm       ######....   Excellent   2    None
s - Swiftness             Air/Chrm       ######....   Excellent   2    None
C - Mephitic Cloud        Pois/Air/Conj  #####.....   Excellent   3    None
H - Haste                 Chrm           #######..    Great       6    Honeycomb
P - Berserker Rage        Chrm           N/A          Excellent   3    None
S - Silence               Air/Hex        #####.....   Good        5    Choko

Dungeon Overview and Level Annotations

Branches:
Dungeon (27/27)            Temple (1/1) D:7             Orc (4/4) D:8
    Elf (0/5) Orc:3          Lair (8/8) D:8           Swamp (5/5) Lair:5
 Shoals (5/5) Lair:5        Slime (0/6) Lair:8         Hive (0/2) D:14
  Vault (8/8) D:19          Blade (0/1) Vault:4       Crypt (5/5) Vault:2
    Zot (5/5) D:27
   Tomb: Crypt:2-3

Altars:
Ashenzari
Cheibriados
Elyvilon
Fedhas
Kikubaaqudgha
Makhleb
Nemelex Xobeh
Okawaru
Sif Muna
The Shining One
Trog
Vehumet
Xom
Yredelemnul
Zin
Beogh

Shops:
D:16: [ D:23: %/ Orc:4: %=[ Shoals:5: *(*? Vault:2: % Vault:6: =*

Portals:
Hell: D:21 D:22 D:24 D:25 D:27
Abyss: D:22 D:25
Pan: D:23 D:24
Trove: Vault:3 (+3 gold dragon armour)

Annotations
D:2 exclusion: upstairs
D:5 jellies!
D:17 exclusions: Roxanne and 2 statues
D:23 jelly room!
D:24 exclusion: upstairs
Lair:8 worm vault!
Crypt:2 exclusion: door
Crypt:4 khufu!
Crypt:5 exclusion: 2 curse skulls


Innate Abilities, Weirdness & Mutations

You revert to your normal form in water.
You are clumsy (Dex -2).
Armour fits poorly on your unusually shaped body.
You have a very fast metabolism.
You heal slowly.


Message History

Zapping:
A - a wand of digging (17)
Press: ? - help, Shift-Dir - straight line, f - you The rock liquefies and sinks out of sight.
This wand has 16 charges left.
There is a staircase leading out of the dungeon here.
Are you sure you want to leave the Dungeon?
You have escaped!

...# ##># ...# ##..# ##.#
##.#.# ##.# ##.##.# ##.#
##.###.#
##.######################.##
#.#
##...................>##.##
#.#
#####################.#.##
#.# # #<<@## #..## #.# #
###...####.## ###.# #
#>.........# #...# #
#~.#...###.######...# #
#~.##...##..........# #
#~~.#...##.########## #
#~~~##...#.# # #~~~~'...'.#
# #~~~##...###


There were no monsters in sight!

Vanquished Creatures
  3 orbs of fire
  5 ancient liches
  The ghost of AlphaQ the Earth Mage, an awesomely powerful MDEE of Vehumet (D:27)
  Saint Roka (Crypt:3)
  Boris (D:21)
  2 curse toes
  Norris (Shoals:5)
  Mara (Vault:1)
  A Killer Klown (Zot:5)
  Margery (Crypt:5)
  Mennas (Vault:5)
  Xtahua (Crypt:5)
  5 golden dragons
  An electric golem (Zot:5)
  18 Orb Guardians (Zot:5)
  Nikola (D:18)
  7 shadow dragons (Vault:8)
  3 titans (Vault:8)
  3 liches
  Kirke (D:14)
  6 sphinxes
  2 storm dragons
  Frances (Shoals:4)
  A draconian knight (Zot:3)
  2 iron dragons (Vault:8)
  A draconian scorcher (Zot:3)
  Terpsichore (Vault:1)
  3 frost giants
  A frost giant (shapeshifter) (Vault:8)
  3 bone dragons
  Wiglaf (Shoals:4)
  Louise (Swamp:5)
  5 fire giants
  2 draconian annihilators (Zot:3)
  40 stone giants
  8 tentacled monstrosities
  the Enchantress (D:26)
  A green draconian (Zot:3)
  A draconian caller (Zot:5)
  The ghost of offering the Conjurer, a powerful KeFE of Vehumet (Lair:6)
  2 mottled draconians (Zot:3)
  Jozef (Shoals:1)
  A red draconian (Zot:5)
  6 spriggan defenders (D:26)
  A pale draconian (Zot:5)
  5 spriggan air magi (D:26)
  An ettin (shapeshifter) (Vault:8)
  A black draconian (Zot:3)
  A purple draconian (Zot:3)
  Snorg (D:15)
  2 storm dragon zombies
  24 vault guards (Vault:8)
  A vampire knight (Crypt:3)
  4 sirens
  A great orb of eyes (shapeshifter) (Vault:8)
  5 dragons
  7 ettins
  31 yaktaur captains
  A minotaur (Lab)
  Josephine (D:14)
  A storm dragon skeleton (Vault:2)
  Harold (D:12)
  3 merfolk aquamancers (Shoals:5)
  A death cob (Zot:5)
  2 merfolk javelineers (Shoals:5)
  4 ice dragons
  An ice dragon (shapeshifter) (Vault:8)
  Polyphemus (Shoals:1)
  11 hydras
  Nessos (D:11)
  8 ogre magi
  11 spriggan berserkers (D:26)
  A golden dragon skeleton (Crypt:2)
  2 shadow dragon zombies (Crypt:1)
  A rakshasa (Vault:1)
  A fire giant zombie (Vault:1)
  An anaconda skeleton (Crypt:5)
  2 merfolk impalers (Shoals:5)
  An iron dragon zombie (Crypt:2)
  16 death yaks
  60 spriggans (D:26)
  11 spriggan druids (D:26)
  2 frost giant zombies
  2 very ugly things (Vault:4)
  2 stone giant zombies
  An alligator (Swamp:2)
  16 deep trolls
  2 sphinx skeletons
  4 orc high priests (Orc:4)
  A ghost moth (shapeshifter) (Vault:8)
  4 griffons
  2 fire giant skeletons
  A frost giant skeleton (Vault:5)
  The ghost of KHekkus the Slicer, an experienced HECr of Okawaru (Lair:1)
  2 elves (shapeshifter)
  14 centaur warriors
  A shadow wraith (Crypt:5)
  A vapour (Vault:4)
  9 stone giant skeletons
  An alligator snapping turtle zombie (Crypt:1)
  A soul eater (Crypt:2)
  5 iron trolls
  4 deep elf knights (D:24)
  A wizard (Vault:1)
  8 sea snakes
  A mottled draconian zombie (Crypt:2)
  36 skeletal warriors
  2 white draconian zombies
  3 necromancers
  4 hell knights (Crypt:5)
  A giant orange brain (Vault:3)
  11 hill giants
  3 orc sorcerers
  An iron troll zombie (D:20)
  A sea snake zombie (Crypt:2)
  An ice statue (D:8)
  A giant orange brain (shapeshifter) (Vault:8)
  3 flayed ghosts
  2 unseen horrors
  A vampire mage (Crypt:5)
  2 giant amoebae (D:15)
  A yellow draconian skeleton (Crypt:2)
  17 orc knights
  An iron troll skeleton (D:21)
  2 guardian serpents (shapeshifter)
  A mottled draconian skeleton (Crypt:5)
  2 dancing weapons (Vault:1)
  15 harpies
  4 moths of wrath
  2 phantasmal warriors
  A minotaur skeleton (Crypt:2)
  2 harpy skeletons
  5 spiny worms
  A hydra skeleton (Crypt:3)
  A dragon zombie (Crypt:3)
  6 humans
  Maurice (Orc:4)
  12 cyclopes
  2 wolf spider zombies
  A trapdoor spider (D:27)
  2 draconians (shapeshifter)
  6 weapon mimics
  3 elephant slugs
  4 door mimics
  2 ettin zombies
  2 black mambas (Lair:8)
  2 wolf spiders
  2 fire crabs
  A cyclops (shapeshifter) (D:27)
  A guardian serpent skeleton (Crypt:5)
  A fire crab (shapeshifter) (D:25)
  2 dragon skeletons
  A frost giant simulacrum (D:19)
  A griffon skeleton (Crypt:3)
  A spiny worm zombie (D:18)
  A spectral guardian serpent (Crypt:1)
  28 slime creatures
  37 elephants
  A fountain mimic (D:15)
  2 slime creatures (shapeshifter) (Vault:8)
  13 spiny frogs
  An ice dragon skeleton (D:21)
  An alligator skeleton (Crypt:5)
  62 yaktaurs
  3 hill giant zombies
  4 guardian mummies (Crypt:2)
  4 rock trolls
  2 silent spectres
  12 mermaids
  An efreet (D:16)
  A large large abomination (D:9)
  8 komodo dragons
  A spriggan skeleton (Crypt:1)
  2 deep troll zombies
  2 spriggans (shapeshifter)
  65 ugly things
  2 wandering mushrooms (Zot:4)
  14 two-headed ogres
  A queen bee (Lair:2)
  11 trolls
  A snapping turtle zombie (Crypt:1)
  A bog mummy (Swamp:4)
  15 snapping turtles
  A polar bear (Lair:8)
  2 deep troll skeletons
  25 giant fireflies (D:26)
  25 blink frogs
  A rotting hulk (Crypt:2)
  2 baby alligators (Swamp:2)
  2 redback zombies
  56 yaks
  18 giant toads
  9 grizzly bears (D:26)
  2 blink frog zombies
  2 rock troll skeletons
  A swamp dragon zombie (Crypt:5)
  3 wraiths
  9 bumblebees
  3 merfolk (shapeshifter)
  11 hippogriffs
  2 sharks
  A vampire (Crypt:5)
  4 wyverns
  A clay golem (D:16)
  An elephant skeleton (Crypt:3)
  3 fire drakes
  A blink frog skeleton (Crypt:3)
  A ynoxinul (Shoals:4)
  3 hungry ghosts
  5 deep elf fighters
  10 manticores
  28 vampire mosquitoes
  A fire drake (shapeshifter) (D:21)
  33 merfolk
  A steam dragon (Swamp:5)
  A rock worm (shapeshifter) (Vault:8)
  A yaktaur zombie (D:21)
  4 rock worms
  2 giant slug zombies
  2 yaktaur skeletons
  7 mottled dragons
  A wyvern zombie (Crypt:4)
  4 soldier ants
  8 insubstantial wisps (Swamp:5)
  8 necrophages
  A yellow wasp (D:14)
  A mermaid skeleton (Crypt:5)
  12 freezing wraiths
  5 swamp worms
  63 orc warriors
  5 kenku (D:25)
  3 sky beasts
  4 red devils (D:19)
  A troll zombie (D:14)
  A cyclops skeleton (Vault:3)
  2 phantoms
  7 black bears (D:26)
  11 ice beasts
  4 swamp drakes
  4 boring beetles
  38 ogres
  14 gila monsters
  10 centaurs
  10 crocodiles
  25 giant frogs
  2 brain worms
  8 giant slugs
  A wolf zombie (Crypt:2)
  A lava worm (Swamp:5)
  15 wolves (D:26)
  A tarantella zombie (Crypt:5)
  A yaktaur simulacrum (D:18)
  A giant leech (Lair:3)
  2 boring beetle zombies (D:21)
  A giant frog zombie (D:15)
  6 agate snails
  3 soldier ant zombies
  3 two-headed ogre skeletons
  3 big kobolds
  A yellow wasp zombie (D:10)
  A water moccasin zombie (D:17)
  17 wargs
  3 warg zombies
  9 water moccasins
  16 wights
  6 boulder beetles
  A felid zombie (Crypt:2)
  5 jellyfish
  18 killer bees
  A killer bee zombie (D:22)
  A demonspawn zombie (Crypt:1)
  7 goliath beetles
  A dwarf zombie (Crypt:1)
  10 imps
  An ogre zombie (Crypt:3)
  5 electric eels
  3 big kobold zombies
  A felid skeleton (Crypt:1)
  A big kobold skeleton (D:14)
  3 gila monster skeletons
  16 big fish
  A deep dwarf skeleton (Crypt:2)
  A mottled dragon skeleton (Crypt:1)
  2 quasits
  A two-headed ogre simulacrum (Crypt:3)
  6 shadows
  A crocodile skeleton (Crypt:5)
  3 iguanas
  A dwarf skeleton (Crypt:5)
  A hound skeleton (D:10)
  8 hounds
  52 orc priests
  2 iron imps (Lair:6)
  43 orc wizards
  16 porcupines
  6 scorpions
  3 deep elf soldiers (D:24)
  An orange rat zombie (Crypt:2)
  3 orange rats
  A worker ant zombie (D:9)
  17 sheep
  6 worker ants
  An orange rat skeleton (Crypt:4)
  Jessica (D:3)
  6 boggarts
  4 jellies
  2 mummies
  7 gnolls
  50 green rats
  20 snakes
  5 giant centipedes
  3 midges
  2 giant centipede zombies
  A porcupine zombie (Crypt:5)
  A scorpion zombie (D:5)
  2 giant mites
  12 white imps (D:11)
  8 worms
  2 ufetubi
  4 grey rats
  6 bat skeletons (D:26)
  5 giant eyeballs
  A green rat skeleton (Crypt:2)
  A megabat zombie (D:14)
  268 orcs
  9 giant cockroaches
  21 goblins
  25 hobgoblins
  28 jackals
  30 kobolds
  8 quokkas
  3 small snakes (D:2)
  8 giant geckos
  A giant gecko zombie (Crypt:5)
  6 giant newts
  2 giant newt zombies (Crypt:2)
  A giant spore (D:25)
  A goblin skeleton (Crypt:3)
  A jackal skeleton (Crypt:2)
  A killer bee larva (Lair:2)
  A kobold zombie (Crypt:2)
  38 megabats
  An orc skeleton (D:8)
  7 orc zombies
  A quokka skeleton (D:16)
  A quokka zombie (Crypt:2)
  23 rats
  A rat skeleton (Crypt:2)
  10 ballistomycetes
  3 bushes
  4 butterflies
  A fungus (Lair:7)
  5 plants
  14 toadstools
2483 creatures vanquished.

Vanquished Creatures (collateral kills)
  A vampire mosquito (D:12)
  15 killer bees (Lair:2)
  2 orc priests (Orc:4)
  7 orcs
  A quokka (Lair:4)
  A giant spore (D:12)
  3 killer bee larvae (Lair:2)
  A plant (Lair:4)
31 creatures vanquished.

Vanquished Creatures (others)
  A ghost moth (shapeshifter) (Vault:8)
  An unseen horror (D:14)
  4 humans (D:14)
  2 dancing weapons (Vault:1)
  11 slime creatures
  A yaktaur (Vault:8)
  An ugly thing (D:14)
  A blink frog (D:19)
  A fire drake (Swamp:5)
  3 steam dragons (Swamp:5)
  A wraith (Vault:1)
  A mottled dragon (Swamp:5)
  A phantom (D:7)
  An ogre (Vault:2)
  A centaur (D:16)
  A giant frog (D:16)
  4 killer bees (Lair:2)
  A gila monster skeleton (D:25)
  2 hounds
  2 deep elf soldiers (D:24)
  A sheep (D:25)
  A snake (Lair:3)
  An orc (Orc:3)
  2 hobgoblins
  A jackal (D:12)
  A giant spore (D:7)
  4 kobolds
  3 megabats
  3 rats
  8 fungi
  18 toadstools
84 creatures vanquished.

Grand Total: 2598 creatures vanquished

Notes
Turn   | Place    | Note
--------------------------------------------------------------
     0 | D:1      | hyperelliptic, the Merfolk Arcane Marksman, began the quest for the Orb.
     0 | D:1      | Reached XP level 1. HP: 13/13 MP: 1/1
     2 | D:1      | Learned a level 1 spell: Corona
   386 | D:1      | Reached XP level 2. HP: 18/18 MP: 2/3
   390 | D:1      | Learned a level 2 spell: Swiftness
  1203 | D:2      | Noticed Ijyb
  1234 | D:1      | Reached XP level 3. HP: 21/24 MP: 4/4
  1238 | D:1      | Learned a level 2 spell: Freezing Aura
  1440 | D:2      | Reached skill level 1 in Stealth
  1677 | D:2      | Reached skill level 3 in Dodging
  1912 | D:2      | Found a radiant altar of Vehumet.
  2360 | D:2      | Reached skill level 1 in Short Blades
  2528 | D:2      | Reached XP level 4. HP: 21/29 MP: 5/6
  3626 | D:3      | Noticed Jessica
  3631 | D:3      | Defeated Jessica
  4043 | D:4      | Reached skill level 4 in Dodging
  4321 | D:4      | Reached XP level 5. HP: 35/35 MP: 1/7
  4338 | D:4      | Learned a level 3 spell: Poison Weapon
  4618 | D:3      | Reached skill level 1 in Poison Magic
  5754 | D:4      | Paralysed by a giant eyeball for 4 turns
  6107 | D:4      | Reached XP level 6. HP: 28/40 MP: 4/10
  6334 | D:4      | Reached skill level 1 in Fighting
  6338 | D:4      | Reached skill level 1 in Polearms
  6702 | D:4      | Learned a level 3 spell: Mephitic Cloud
  7691 | D:5      | Entered Level 5 of the Dungeon
  7758 | D:5      | Reached skill level 1 in Shields
  8128 | D:5      | Reached XP level 7. HP: 11/48 MP: 4/12
  8752 | D:5      | Reached skill level 1 in Conjurations
  8994 | D:4      | Reached skill level 5 in Poison Magic
  8994 | D:4      | Reached skill level 1 in Air Magic
  9219 | D:5      | Found a sparkling altar of Nemelex Xobeh.
  9549 | D:6      | Reached skill level 5 in Polearms
 10142 | D:6      | Reached skill level 1 in Stabbing
 10143 | D:6      | Reached skill level 6 in Polearms
 10373 | D:7      | Reached XP level 8. HP: 40/54 MP: 12/14
 10431 | D:7      | Found a staircase to the Ecumenical Temple.
 10445 | Temple   | Entered the Ecumenical Temple
 10523 | Temple   | Became a worshipper of Warmaster Okawaru
 10743 | D:7      | Reached skill level 7 in Polearms
 11380 | D:7      | Reached XP level 9. HP: 62/62 MP: 12/18
 11389 | D:7      | Reached skill level 8 in Polearms
 11395 | D:7      | Acquired Okawaru's first power
 11645 | D:7      | Learned a level 2 spell: Repel Missiles
 12044 | D:7      | Reached skill level 9 in Polearms
 12645 | D:7      | Reached skill level 10 in Polearms
 13578 | D:8      | Noticed a giant slug
 13607 | D:8      | Defeated a giant slug
 13782 | D:8      | Found a staircase to the Lair.
 13797 | D:8      | Reached skill level 11 in Polearms
 13810 | D:8      | Reached XP level 10. HP: 59/70 MP: 19/19
 13902 | D:8      | Reached skill level 5 in Dodging
 14221 | D:8      | Reached skill level 1 in Ice Magic
 14459 | D:8      | Found a shattered altar of Ashenzari.
 14938 | D:8      | Reached skill level 12 in Polearms
 14958 | D:8      | Reached skill level 5 in Fighting
 15028 | D:8      | Reached skill level 5 in Spellcasting
 15057 | D:8      | Found a staircase to the Orcish Mines.
 15451 | Lair:1   | Entered Level 1 of the Lair of Beasts
 15710 | Lair:1   | Noticed KHekkus' ghost (experienced HECr)
 15711 | Lair:1   | Lawman0: q
 15743 | Lair:1   | Defeated KHekkus' ghost
 16406 | Lair:1   | Reached XP level 11. HP: 76/81 MP: 18/21
 17191 | Lair:2   | Found an ancient bone altar of Kikubaaqudgha.
 17239 | Lair:2   | Reached skill level 1 in Invocations
 17240 | Lair:2   | Reached skill level 5 in Shields
 18617 | Lair:3   | Reached skill level 1 in Charms
 19257 | Lair:3   | Reached skill level 1 in Unarmed Combat
 19769 | Lair:3   | Reached skill level 10 in Dodging
 19873 | Lair:3   | Acquired Okawaru's second power
 20016 | Lair:3   | Reached XP level 12. HP: 87/92 MP: 20/24
 21923 | Lair:4   | Reached skill level 1 in Evocations
 22262 | Lair:4   | Reached skill level 1 in Traps & Doors
 23242 | Lair:5   | Found a staircase to the Shoals.
 23289 | Lair:5   | Reached XP level 13. HP: 53/100 MP: 14/26
 23319 | Lair:5   | Received a gift from Okawaru
 23320 | Lair:5   | Got a bloodstained scythe {god gift}
 23325 | Lair:5   | Identified the scythe "Ghaff" {god gift, flame, +Rage rElec rPois SInv} (Okawaru gifted it to you on level 5 of the Lair of Beasts)
 23703 | Lair:3   | Reached skill level 10 in Fighting
 23713 | Lair:3   | Reached skill level 13 in Polearms
 24128 | Lair:5   | Found a staircase to the Swamp.
 25063 | Lair:6   | Reached skill level 5 in Hexes
 25600 | Lair:6   | Received a gift from Okawaru
 26261 | Lair:7   | Reached skill level 14 in Dodging
 26823 | Lair:7   | Received a gift from Okawaru
 26824 | Lair:7   | Got a bloodstained demon trident {god gift}
 26825 | Lair:7   | Identified the demon trident of Precanise {god gift, elec, SInv} (Okawaru gifted it to you on level 7 of the Lair of Beasts)
 26967 | Lair:7   | Gained mutation: Your muscles are strong (Str +1).
 27013 | Lair:8   | Entered Level 8 of the Lair of Beasts
 27249 | Lair:8   | Reached XP level 14. HP: 114/114 MP: 26/28
 27503 | Lair:8   | Found an ancient bone altar of Kikubaaqudgha.
 27541 | Lair:8   | Reached skill level 5 in Charms
 27755 | Lair:8   | Found a staircase to the Slime Pits.
 28282 | Lair:8   | Noticed a rock worm
 28528 | Orc:1    | Entered Level 1 of the Orcish Mines
 28547 | Orc:1    | Received a gift from Okawaru
 29121 | D:7      | Paralysed by a giant eyeball for 3 turns
 29744 | Orc:1    | Found a roughly hewn altar of Beogh.
 30049 | Orc:3    | Received a gift from Okawaru
 30275 | Orc:3    | Found a staircase to the Elven Halls.
 30490 | Orc:4    | Entered Level 4 of the Orcish Mines
 30499 | Orc:4    | Reached skill level 10 in Shields
 30553 | Orc:4    | Noticed Maurice
 30569 | Orc:4    | Defeated Maurice
 30616 | Orc:4    | Received a gift from Okawaru
 30730 | Orc:4    | Noticed an orc high priest
 30911 | Orc:4    | Defeated an orc high priest
 30954 | Orc:4    | Noticed an orc high priest
 31312 | Orc:4    | Found Waskaik's Jewellery Shop.
 31312 | Orc:4    | Found Pnukkom's Armour Shoppe.
 31331 | Orc:4    | Bought the +2 hat of the Alchemist {rElec rF+ rC+ MR} for 1156 gold pieces
 31376 | Orc:4    | Noticed an orc high priest
 31400 | Orc:4    | Defeated an orc high priest
 31570 | Orc:4    | Received a gift from Okawaru
 31597 | Orc:4    | Found a roughly hewn altar of Beogh.
 31644 | Orc:4    | Found Gadewnonk's Food Shoppe.
 31646 | Orc:4    | Found Kloittot's Distillery.
 31647 | Orc:4    | Noticed an orc high priest
 31716 | Orc:4    | Defeated an orc high priest
 31730 | Orc:4    | Defeated an orc high priest
 31800 | Orc:4    | Bought a potion of heal wounds for 30 gold pieces
 31800 | Orc:4    | Bought a potion of heal wounds for 30 gold pieces
 31800 | Orc:4    | Bought a potion of speed for 25 gold pieces
 31800 | Orc:4    | Bought a potion of healing for 20 gold pieces
 31800 | Orc:4    | Bought a potion of heal wounds for 30 gold pieces
 31800 | Orc:4    | Bought a potion of healing for 20 gold pieces
 31801 | Orc:4    | Bought a potion of confusion for 1 gold piece
 31801 | Orc:4    | Bought a potion of porridge for 10 gold pieces
 31801 | Orc:4    | Bought a potion of strong poison for 1 gold piece
 31801 | Orc:4    | Bought a potion of paralysis for 1 gold piece
 31802 | Orc:4    | Bought 2 potions of blood for 20 gold pieces
 32186 | Orc:4    | Received a gift from Okawaru
 32187 | Orc:4    | Got a round shield {god gift}
 32197 | Orc:4    | Identified the +15 shield "Bullseye" {god gift} (Okawaru gifted it to you on level 4 of the Orcish Mines)
 32933 | Orc:4    | Bought the +3 cloak "Sogaewk" {rC+ SInv} for 661 gold pieces
 33798 | D:9      | Gained mutation: You are clumsy (Dex -1).
 34070 | D:10     | Entered Level 10 of the Dungeon
 34076 | D:10     | Paralysed by a giant eyeball for 3 turns
 34475 | D:10     | Received a gift from Okawaru
 34755 | D:11     | Noticed Nessos
 34775 | D:11     | Defeated Nessos
 35034 | D:11     | Found an iron altar of Okawaru.
 35054 | D:11     | Found a frozen archway.
 35114 | IceCv    | Entered an ice cave
 35480 | D:10     | Received a gift from Okawaru
 35665 | D:11     | Reached XP level 15. HP: 104/124 MP: 30/30
 35864 | D:12     | Noticed Harold
 35880 | D:12     | Defeated Harold
 35959 | D:12     | Found a glowing silver altar of Zin.
 37275 | D:13     | Received a gift from Okawaru
 37380 | D:14     | Gained mutation: You are frail (-10% HP).
 37380 | D:14     | Gained mutation: You are dopey (Int -1).
 37380 | D:14     | Lost mutation: Your muscles are strong (Str +1).
 37382 | D:14     | Lost mutation: You are frail (-10% HP).
 37382 | D:14     | Lost mutation: You are dopey (Int -1).
 37382 | D:14     | Lost mutation: You are clumsy (Dex -1).
 37688 | D:14     | Found a glowing golden altar of the Shining One.
 37725 | D:14     | Paralysed by a giant eyeball for 3 turns
 37729 | D:14     | Noticed Josephine
 37754 | D:14     | Defeated Josephine
 37819 | D:14     | Received a gift from Okawaru
 37820 | D:14     | Got a shimmering shield {god gift}
 37832 | D:14     | Identified the +1 shield of the World {god gift} (Okawaru gifted it to you on level 14 of the Dungeon)
 38294 | D:14     | Noticed Kirke
 38320 | D:14     | Defeated Kirke
 38521 | D:14     | Got a polished dagger
 38522 | D:14     | Identified the dagger of Infinity {stab, +Lev rElec MR} (You found it on level 14 of the Dungeon)
 38585 | D:14     | Found a staircase to the Hive.
 38823 | D:15     | Entered Level 15 of the Dungeon
 38933 | D:15     | Got a pair of distressingly furry gloves
 38937 | D:15     | Identified the +0 pair of gloves "Upagaiso" (You found it on level 15 of the Dungeon)
 39327 | D:15     | Received a gift from Okawaru
 39328 | D:15     | Got a jewelled bow {god gift}
 39329 | D:15     | Identified the bow "Feabb" {god gift, flame, -TELE rElec rN+} (Okawaru gifted it to you on level 15 of the Dungeon)
 39416 | D:15     | Noticed Snorg
 39431 | D:15     | Defeated Snorg
 40082 | D:16     | Reached XP level 16. HP: 107/133 MP: 29/31
 40087 | D:16     | Received a gift from Okawaru
 40890 | D:16     | Found Vexonkun's Antique Armour Boutique.
 41128 | D:17     | Noticed Roxanne
 41318 | D:17     | Found a labyrinth entrance.
 41351 | Lab      | Entered a Labyrinth
 41511 | Lab      | Got a steaming ivory ring
 41513 | Lab      | Got a fine plate mail
 41528 | Lab      | Identified the +0 plate mail of the Old World (You found it in a Labyrinth)
 41547 | Lab      | Identified the ring of Virtue (You found it in a Labyrinth)
 42551 | D:18     | Noticed Nikola
 42575 | D:18     | Defeated Nikola
 42885 | D:18     | Received a gift from Okawaru
 42886 | D:18     | Got a jewelled trident {god gift}
 42887 | D:18     | Identified the trident of Fintat {god gift, pierce, Int-1} (Okawaru gifted it to you on level 18 of the Dungeon)
 43192 | D:19     | Learned a level 3 spell: Berserker Rage
 43196 | D:19     | Learned a level 3 spell: Regeneration
 43357 | D:19     | Reached skill level 15 in Fighting
 43426 | D:19     | Found a staircase to the Vaults.
 43872 | D:19     | Reached XP level 17. HP: 58/142 MP: 28/31
 44056 | D:19     | Reached skill level 1 in Necromancy
 44196 | D:19     | Received a gift from Okawaru
 44197 | D:19     | Got a faintly glowing plate mail {god gift}
 44336 | D:19     | Identified the +3 plate mail "Khatro" {god gift} (Okawaru gifted it to you on level 19 of the Dungeon)
 44733 | Shoals:1 | Entered Level 1 of the Shoals
 45175 | Shoals:1 | Noticed Sonja
 45176 | Shoals:1 | Sonja changed into Sonja the deep dwarf
 45177 | Shoals:1 | Sonja the deep dwarf changed into Sonja the human
 45210 | Shoals:1 | Noticed Jozef
 45219 | Shoals:1 | Noticed Polyphemus
 45228 | Shoals:1 | Defeated Jozef
 45265 | Shoals:1 | Defeated Polyphemus
 47071 | Shoals:4 | Noticed Frances
 47084 | Shoals:4 | Defeated Frances
 47261 | Shoals:4 | Noticed Wiglaf
 47270 | Shoals:4 | Defeated Wiglaf
 47376 | Shoals:4 | Got a glittering golden ring
 47377 | Shoals:4 | Identified the ring of Shrinkeet (You found it on level 4 of the Shoals)
 48153 | Shoals:5 | Entered Level 5 of the Shoals
 48179 | Shoals:5 | Noticed Norris
 48217 | Shoals:5 | Reached skill level 10 in Spellcasting
 48238 | Shoals:5 | Defeated Norris
 48341 | Shoals:5 | Reached skill level 15 in Shields
 48430 | Shoals:5 | Found Jyxel's Weapon Shoppe.
 48455 | Shoals:5 | Received a gift from Okawaru
 48460 | Shoals:5 | Reached XP level 18. HP: 129/150 MP: 33/33
 48461 | Shoals:5 | Got an ichor-stained quarterstaff {god gift}
 48462 | Shoals:5 | Identified the quarterstaff of Zony {god gift, elec, Hunger+ rElec rF+ Dex+2} (Okawaru gifted it to you on level 5 of the Shoals)
 48475 | Shoals:5 | Reached skill level 10 in Charms
 48536 | Shoals:5 | Found Soxtoige's General Store.
 48551 | Shoals:5 | Bought a scroll of recharging for 95 gold pieces
 48553 | Shoals:5 | Bought a +2 pair of boots for 311 gold pieces
 48851 | Shoals:5 | Received a gift from Okawaru
 48884 | Shoals:5 | Got a barnacled rune of Zot
 48902 | Shoals:5 | Found Klatuemu's Magic Scroll Emporium.
 48904 | Shoals:5 | Found Bynway's Assorted Antiques.
 48911 | Shoals:5 | Bought a scroll of magic mapping for 42 gold pieces
 48911 | Shoals:5 | Bought a scroll of magic mapping for 42 gold pieces
 48911 | Shoals:5 | Bought a scroll of blinking for 36 gold pieces
 48911 | Shoals:5 | Bought 2 scrolls of blinking for 72 gold pieces
 48911 | Shoals:5 | Bought a scroll of remove curse for 36 gold pieces
 48911 | Shoals:5 | Bought a scroll of identify for 24 gold pieces
 48916 | Shoals:5 | Bought a potion of heal wounds for 117 gold pieces
 48916 | Shoals:5 | Bought a potion of speed for 97 gold pieces
 48946 | Shoals:5 | Noticed Ilsuiw
 50083 | Vault:1  | Entered Level 1 of the Vaults
 50089 | Vault:1  | Defeated a great mace
 50100 | Vault:1  | Defeated a war axe
 50192 | Vault:1  | Noticed a guardian serpent
 50204 | Vault:1  | Defeated a guardian serpent
 50323 | Vault:1  | Noticed Mara
 50329 | Vault:1  | Noticed hyperelliptic's ghost (mighty MfAM)
 50341 | Vault:1  | Defeated Mara
 50378 | Vault:1  | Reached skill level 16 in Fighting
 50444 | Vault:1  | Received a gift from Okawaru
 50481 | Vault:1  | Noticed a runed battleaxe
 50486 | Vault:1  | Defeated a runed battleaxe
 50511 | Vault:1  | Noticed a glowing orcish hand axe
 50539 | Vault:1  | Defeated a glowing orcish hand axe
 50541 | Vault:1  | Found a flickering gateway to a bazaar. 50551
                  | bazaar
                  | Entered a bazaar 50555
                  | bazaar
                  | Found Sepru's Magical Wand Shop. 50557
                  | bazaar
                  | Found Boicveulu's Antique Armour Shop.
 50783 | Vault:1  | Noticed Terpsichore
 50812 | Vault:1  | Defeated Terpsichore
 51303 | Vault:2  | Found a staircase to the Crypt.
 51311 | Vault:2  | Found Ogisip's Food Shoppe.
 52037 | Vault:2  | Reached XP level 19. HP: 119/161 MP: 34/34
 52063 | Vault:2  | Learned a level 4 spell: Flight
 52531 | Crypt:1  | Entered Level 1 of the Crypt
 52913 | Crypt:1  | Received a gift from Okawaru
 52914 | Crypt:1  | Got a smoking crossbow {god gift}
 52915 | Crypt:1  | Identified the crossbow of Greatest Utility {god gift, venom, MUT+ Int+4} (Okawaru gifted it to you on level 1 of the Crypt)
 54171 | Crypt:2  | Reached skill level 17 in Fighting
 54218 | Crypt:2  | Received a gift from Okawaru
 54246 | Crypt:2  | Got a fine helmet {god gift}
 54250 | Crypt:2  | Identified the -2 helmet of Bolypu {god gift} (Okawaru gifted it to you on level 2 of the Crypt)
 54529 | Crypt:2  | Got a brightly glowing silver ring
 54530 | Crypt:2  | Identified the ring of the Turtle (You found it on level 2 of the Crypt)
 55409 | Crypt:3  | Learned a level 6 spell: Haste
 55889 | Crypt:4  | Noticed Khufu
 55969 | Crypt:4  | Noticed Saint Roka
 56001 | Crypt:3  | Defeated Saint Roka
 56481 | Crypt:5  | Entered Level 5 of the Crypt
 56523 | Crypt:5  | Noticed Margery
 56542 | Crypt:5  | Defeated Margery
 56551 | Crypt:5  | Reached XP level 20. HP: 163/170 MP: 23/36
 56707 | Crypt:5  | Reached XP level 19. HP: 162/162 MP: 28/35
 56982 | Crypt:5  | Noticed Xtahua
 56997 | Crypt:5  | Defeated Xtahua
 56997 | Crypt:5  | Reached XP level 20. HP: 170/170 MP: 30/36
 57577 | Crypt:5  | Reached skill level 15 in Dodging
 57679 | Crypt:5  | Reached skill level 5 in Invocations
 57753 | Crypt:5  | Identified a +6 rod of destruction [lightning,iron,fireball] (13/13) (You took it off a skeletal warrior on level 5 of the Crypt)
 57756 | Crypt:5  | Noticed an ancient lich
 57756 | Crypt:5  | Noticed an ancient lich
 57788 | Crypt:5  | Defeated an ancient lich
 57834 | Crypt:5  | Defeated an ancient lich
 57858 | Crypt:5  | Got a fine amethyst amulet
 57873 | Crypt:5  | Identified the amulet "Ejuar" (You found it on level 5 of the Crypt)
 58867 | Lair:6   | Noticed offering's ghost (powerful KeFE)
 58891 | Lair:6   | Defeated offering's ghost
 59056 | Shoals:5 | Bought a scroll of enchant weapon I for 91 gold pieces
 59481 | Vault:3  | Received a gift from Okawaru
 59528 | Vault:3  | Gained mutation: Your magical capacity is low (-10% MP).
 59603 | Vault:2  | Gained mutation: You are dopey (Int -1).
 59623 | Vault:2  | Gained mutation: You are clumsy (Dex -1).
 59663 | Vault:2  | Gained mutation: You are clumsy (Dex -2).
 59968 | Vault:3  | Reached skill level 15 in Polearms
 60146 | Vault:3  | Received a gift from Okawaru
 60160 | Vault:3  | Got a bloodstained falchion {god gift}
 60161 | Vault:3  | Identified the falchion of Cuocowepp {god gift, flame, rPois Int+2} (Okawaru gifted it to you on level 3 of the Vaults)
 60273 | Vault:3  | Found a portal to a secret trove of treasure.
 60797 | Vault:4  | Received a gift from Okawaru
 60846 | Vault:4  | Got a pair of jewelled gloves
 60850 | Vault:4  | Identified the +2 pair of gloves "Zugorioc" (You found it on level 4 of the Vaults)
 60962 | Vault:4  | Found a staircase to the Hall of Blades.
 61174 | Vault:4  | Noticed a vapour
 61185 | Vault:4  | Defeated a vapour
 61295 | Vault:4  | Reached skill level 18 in Fighting
 61302 | Vault:4  | Reached XP level 21. HP: 130/181 MP: 20/32
 61639 | Vault:5  | Noticed Mennas
 61662 | Vault:5  | Defeated Mennas
 61730 | Vault:5  | Received a gift from Okawaru
 62202 | Vault:5  | Got a pair of crude boots
 62206 | Vault:5  | Identified the +0 pair of boots of Sunlight (You found it on level 5 of the Vaults)
 62379 | Vault:6  | Found Yvaxi's General Store.
 62393 | Vault:6  | Bought a scroll of identify for 24 gold pieces
 62411 | Vault:6  | Found Qeqid's Jewellery Shop.
 62459 | Vault:6  | Found a flickering gateway to a bazaar. 62468
                  | bazaar
                  | Entered a bazaar 62468
                  | bazaar
                  | Found Udeang's Antique Armour Emporium. 62477
                  | bazaar
                  | Found Thrint's Magic Scroll Boutique. 62489
                  | bazaar
                  | Found Skoxe's Magical Wand Shoppe. 62495
                  | bazaar
                  | Found Klaimuv's Antique Weapon Shoppe. 62507
                  | bazaar
                  | Found Wenkonli's General Store. 62516
                  | bazaar
                  | Bought a scroll of enchant weapon II for 49 gold pieces 62556
                  | bazaar
                  | Bought a scroll of acquirement for 520 gold pieces 62564
                  | bazaar
                  | Bought a scroll of magic mapping for 35 gold pieces 62564
                  | bazaar
                  | Bought a scroll of identify for 20 gold pieces 62564
                  | bazaar
                  | Bought a scroll of enchant armour for 48 gold pieces 62576
                  | bazaar
                  | Bought a glowing elven robe for 16 gold pieces 62614
                  | bazaar
                  | Bought a wand of teleportation (10) for 440 gold pieces
 64320 | D:20     | Entered Level 20 of the Dungeon
 64388 | D:20     | Identified a +8 rod of demonology (14/14) (You found it on level 20 of the Dungeon)
 64429 | D:20     | Reached XP level 22. HP: 179/187 MP: 31/34
 64588 | D:20     | Reached skill level 5 in Air Magic
 64627 | D:20     | Received a gift from Okawaru
 65471 | D:21     | Found a gateway to Hell.
 65859 | D:21     | Noticed Boris
 65876 | D:21     | Defeated Boris
 66371 | D:21     | Got an ichor-stained chain mail
 66382 | D:21     | Identified the cursed +3 chain mail of Lulipet (You found it on level 21 of the Dungeon)
 66449 | D:22     | Received a gift from Okawaru
 66450 | D:22     | Got a fine helmet {god gift}
 66454 | D:22     | Identified the +2 helmet of Space {god gift} (Okawaru gifted it to you on level 22 of the Dungeon)
 66673 | D:22     | Found a one-way gate to the infinite horrors of the Abyss.
 67068 | D:23     | Found a one-way gate leading to the halls of Pandemonium.
 67107 | D:23     | Found Qimn's Magical Wand Shoppe.
 67141 | D:23     | Found Wujubank's Food Shop.
 67299 | D:24     | Reached skill level 5 in Necromancy
 67379 | D:24     | Reached skill level 19 in Fighting
 68131 | D:25     | Entered Level 25 of the Dungeon
 68431 | D:25     | Reached XP level 23. HP: 119/198 MP: 34/34
 69043 | D:26     | Received a gift from Okawaru
 69431 | D:26     | Found a bloodstained altar of Trog.
 69504 | D:26     | Reached skill level 5 in Stabbing
 69957 | D:26     | Received a gift from Okawaru
 70165 | D:26     | You fall through a shaft!
 70165 | D:27     | Entered Level 27 of the Dungeon
 70326 | D:26     | Noticed the Enchantress
 70574 | D:26     | Defeated the Enchantress
 70576 | D:26     | Got a faerie dragon armour
 70586 | D:26     | Identified the +6 faerie dragon armour (You took it off the Enchantress on level 26 of the Dungeon)
 70646 | D:26     | Got a crystal executioner's axe
 70647 | D:26     | Identified the +2,+6 executioner's axe "Ymybilaly" (You found it on level 26 of the Dungeon)
 70651 | D:26     | Got an ichor-stained leather armour
 70663 | D:26     | Identified the cursed -4 leather armour of Asenag (You found it on level 26 of the Dungeon)
 71116 | D:26     | Received a gift from Okawaru
 71128 | D:26     | Got a dazzling large shield {god gift}
 71142 | D:26     | Identified the +0 large shield "Seoxem" {god gift} (Okawaru gifted it to you on level 26 of the Dungeon)
 71320 | D:27     | Got a pitted animal skin
 71330 | D:27     | Identified the +1 animal skin of the Orb (You found it on level 27 of the Dungeon)
 71596 | D:27     | Noticed AlphaQ's ghost (awesomely powerful MDEE)
 71621 | D:27     | Defeated AlphaQ's ghost
 71761 | D:27     | Reached skill level 1 in Armour
 71771 | D:27     | Reached XP level 24. HP: 198/207 MP: 31/35
 71943 | D:27     | Reached skill level 20 in Fighting
 73917 | Swamp:1  | Entered Level 1 of the Swamp
 74137 | Swamp:4  | Got an ichor-stained crossbow
 74138 | Swamp:4  | Identified the cursed crossbow of Waggeps {speed, +Inv rN+ Curse} (You found it on level 4 of the Swamp)
 74197 | Swamp:5  | Entered Level 5 of the Swamp
 74246 | Swamp:5  | Noticed Louise
 74261 | Swamp:5  | Defeated Louise
 74406 | Swamp:5  | Got a decaying rune of Zot
 75105 | Vault:8  | Entered Level 8 of the Vaults
 75276 | Vault:8  | Received a gift from Okawaru
 75277 | Vault:8  | Got a warped trident {god gift}
 75278 | Vault:8  | Identified the trident of Dismay {god gift, antimagic, rN+} (Okawaru gifted it to you on level 8 of the Vaults)
 75401 | Vault:8  | Noticed a golden dragon
 75422 | Vault:8  | Defeated a golden dragon
 75549 | Vault:8  | Noticed a golden dragon
 75564 | Vault:8  | Defeated a golden dragon
 75564 | Vault:8  | Reached XP level 25. HP: 206/219 MP: 32/36
 75596 | Vault:8  | Noticed an iron dragon
 75639 | Vault:8  | Defeated an iron dragon
 76015 | Vault:8  | Got a silver rune of Zot
 76022 | Vault:8  | Got a sparkling book
 76023 | Vault:8  | Identified Advanced Spellweaving (You found it on level 8 of the Vaults)
 76219 | Vault:8  | Noticed a golden dragon
 76233 | Vault:8  | Defeated a golden dragon
 76260 | Vault:8  | Noticed an iron dragon
 76276 | Vault:8  | Defeated an iron dragon
 76285 | Vault:8  | Got a warped long sword
 76286 | Vault:8  | Identified the cursed long sword of Pestilence {slice, rN+} (You found it on level 8 of the Vaults)
 76329 | Vault:8  | A merfolk changed into a guardian serpent
 76334 | Vault:8  | Defeated a guardian serpent
 76440 | Vault:8  | Noticed a golden dragon
 76458 | Vault:8  | Defeated a golden dragon
 76555 | Vault:8  | Received a gift from Okawaru
 76593 | Vault:8  | Got a bloodstained trident
 76594 | Vault:8  | Identified the cursed trident "Pnoil" {flame, -TELE +Rage rF+ rC+ rN+ MR Int+4} (You took it off a yaktaur captain on level 8 of the Vaults)
 77778 | Lair:2   | Learned a level 5 spell: Silence
 78488 | Zot:1    | Entered Level 1 of the Realm of Zot
 78531 | Zot:1    | Noticed an orb of fire
 78549 | Zot:1    | Defeated an orb of fire
 78549 | Zot:1    | Reached XP level 26. HP: 103/225 MP: 28/36
 78929 | D:14     | Lost mutation: Your magical capacity is low (-10% MP).
 78929 | D:14     | Lost mutation: You are dopey (Int -1).
 79367 | Zot:3    | Reached skill level 21 in Fighting
 79621 | Zot:5    | Entered Level 5 of the Realm of Zot
 79672 | Zot:5    | Received a gift from Okawaru
 79892 | Zot:5    | Noticed an ancient lich
 79906 | Zot:5    | Defeated an ancient lich
 79973 | Zot:5    | Noticed an orb of fire
 79973 | Zot:5    | Noticed an ancient lich
 79997 | Zot:5    | Defeated an ancient lich
 80078 | Zot:5    | Noticed an ancient lich
 80083 | Zot:5    | Defeated an orb of fire
 80083 | Zot:5    | Reached XP level 27. HP: 192/237 MP: 17/41
 80085 | Zot:5    | Noticed an orb of fire
 80098 | Zot:5    | Defeated an ancient lich
 80108 | Zot:5    | Defeated an orb of fire
 80271 | Zot:5    | Gained mutation: You have a fast metabolism.
 80348 | Zot:5    | Got the Orb of Zot
 80399 | Zot:5    | Gained mutation: Armour fits poorly on your unusually shaped body.
 80454 | Zot:3    | Gained mutation: You heal slowly.
 80530 | Zot:2    | Noticed Mnuw the pandemonium lord
 80562 | Zot:1    | Gained mutation: You have a very fast metabolism.
 81230 | D:$      | Escaped with the Orb!
